AoeStats
← jmsuarezm1980

Black Forest

509654426Analyzed
2v2 RM · 4d ago on Sep 27, 2026· 34m 22s· 4 players
Game mode
Random Map
Map size
Medium (4 player)
Population
200
Speed
Normal
Resources
Standard
Victory
Conquest
Starting age
Dark Age
Ending age
Imperial Age
RankedLock teamsTeams togetherTeam positionsShared explorationLock speedFull tech treeHidden civsTurbo modeCheats
Victory
Defeat
🇹🇼 Malians · Taiwan
724
+12
🇹🇼 Berbers · Taiwan
722
+13
🇮🇳 Danes · India
677
-14
🇪🇸 Hindustanis · Spain
613
-11
vinayrayal92
0:31 Loom
12:17 Feudal Age
17:20 Wheelbarrow
16:31 Horse Collar
16:42 Double-Bit Axe
21:40 Castle Age
23:57 Squires
jmsuarezm1980
11:48 Feudal Age
12:33 Horse Collar
17:20 Double-Bit Axe
22:28 Castle Age
20:31 Gold Mining
23:42 Bow Saw
23:36 Heavy Plow
25:23 Stone Mining
28:49 Imperial Age
27:41 Forging
27:37 Scale Barding Armor
29:03 Wheelbarrow
28:13 Town Watch
30:07 Fletching
30:19 Murder Holes
30:45 Ballistics
31:36 Elite Skirmisher
Set Huang
1:17 Loom
14:18 Feudal Age
15:06 Horse Collar
15:16 Double-Bit Axe
16:58 Man-at-Arms
20:24 Gold Mining
20:36 Arson
22:57 Forging
22:51 Scale Mail Armor
22:52 Padded Archer Armor
25:17 Castle Age
24:57 Fletching
25:31 Stone Mining
28:06 Squires
27:27 Long Swordsman
29:09 Iron Casting
28:50 Chain Mail Armor
28:39 Pikeman
30:44 Gold Shaft Mining
31:02 Bow Saw
31:42 Chain Mail Armor
31:43 Leather Archer Armor
31:35 Scale Barding Armor
32:57 Kasbah
33:38 Masonry
33:09 Treadmill Crane
34:52 Ballistics
34:28 Murder Holes
風起隨風飄
0:37 Loom
10:48 Feudal Age
11:35 Double-Bit Axe
13:30 Horse Collar
15:15 Gold Mining
20:23 Castle Age
18:49 Stone Mining
23:27 Forging
27:35 Wheelbarrow
31:00 Iron Casting
30:26 Scale Mail Armor
30:59 Caravan
32:45 Hand Cart
Connection lost

Rejoining the realm…

Still unreachable

The connection could not be restored.

Session expired

The server has moved on; the page needs a fresh start.